 Dungeon Crawl Stone Soup version 0.30-a0-170-g85af917532 (webtiles) character file.

Game seed: 14926231084503632785

149923 qw the Peltast (level 17, -6/106 HPs)
             Began as a Gargoyle Fighter on Sept 30, 2022.
             Was an Elder of Okawaru.
             Killed from afar by Jorgrun (52 damage)
             ... with an iron shot
             ... on level 2 of the Spider Nest.
             The game lasted 00:11:24 (28230 turns).

qw the Peltast (Gargoyle Fighter)                  Turns: 28230, Time: 00:11:25

Health: -6/106     AC: 48    Str: 33    XL:     17   Next: 52%
Magic:  22/24      EV:  6    Int: 10    God:    Okawaru [****..]
Gold:   1231       SH: 23    Dex: 12    Spells: 16/16 levels left

rFire   + + +      SeeInvis +    l - +1 broad axe (venom)
rCold   + . .      Faith    .    x - +2 tower shield {rF+}
rNeg    + . .      Spirit   .    g - +0 crystal plate armour of the Weaver {rPois rF+}
rPois   inf        Reflect  .    b - +2 helmet
rElec   +          Harm     .    q - scarf {rC+ rF+}
rCorr   .          Rampage  .    C - +0 pair of fencer's gloves {Riposte Dex+3}
Will    +....                    v - +2 pair of boots
Stlth   ..........               (no amulet)
HPRegen 0.27/turn                y - ring of see invisible
MPRegen 0.19/turn                u - +6 ring of strength

@: heroic, grasped by roots, flying, constricted
A: sickness immunity, AC +12, big wings, negative energy resistance 1,
electricity resistance, torment resistance 1, petrification resistance
a: Renounce Religion, Heroism, Finesse


You were on level 2 of the Spider Nest.
You worshipped Okawaru.
Okawaru was greatly pleased with you.
You visited 5 branches of the dungeon, and saw 25 of its levels.

You collected 2580 gold pieces.
You spent 1349 gold pieces at shops.


Innate Abilities, Weirdness & Mutations

You are immune to sickness and miasma.
Your stone body is resilient. (AC +12)
You are immune to poison.
Your large and strong wings let you fly.
You resist negative energy. (rN+)
You are resistant to electric shocks. (rElec)
You are resistant to unholy torment.
You are immune to petrification.


   Skills:
 - Level 12.0(17.0) Fighting
 - Level 16.0(21.0) Axes
 - Level 5.0(10.0) Throwing
 - Level 14.0(19.0) Armour
 - Level 4.0(9.0) Dodging
 + Level 16.6(21.6) Shields
 - Level 10.1 Invocations


You had 16 spell levels left.
You didn't know any spells.
Your spell library was empty.

Inventory:

Hand Weapons
 l - a +1 broad axe of venom (weapon)
 t - a +0 morningstar
 w - the +2 flail "Cuohac" {holy, rPois rF+ rC+ Stlth+}
   (You found it on level 1 of the Spider Nest)

   It has been blessed by the Shining One to cause great damage to the undead
   and demons.
   rF:        It protects you from fire.
   rC:        It protects you from cold.
   rPois:     It protects you from poison.
   Stlth:     It makes you more stealthy.
Missiles
 n - 7 boomerangs
 A - a javelin (quivered)
Armour
 b - a +2 helmet (worn)
 g - the +0 crystal plate armour of the Weaver (worn) {rPois rF+}
   (Okawaru gifted it to you on level 5 of the Lair of Beasts)

   rF:        It protects you from fire.
   rPois:     It protects you from poison.
 q - a scarf of resistance (worn)
 r - +0 acid dragon scales
 v - a +2 pair of boots (worn)
 x - a +2 tower shield of fire resistance (worn)
 z - a +1 cloak
 C - the +0 pair of fencer's gloves (worn) {Riposte Dex+3}
   (You bought it in a shop on level 2 of the Orcish Mines)

   It allows the wearer to riposte with melee weapons, swiftly retaliating
   against missed or blocked melee attacks.
   Dex:       It affects your dexterity (+3).
Jewellery
 c - a ring of resist corrosion
 f - a ring of resist corrosion
 u - a +6 ring of strength (right hand)
 y - a ring of see invisible (left hand)
 Y - a +6 ring of dexterity
Scrolls
 h - 9 scrolls of teleportation
 k - 12 scrolls of identify
Potions
 a - 8 potions of heal wounds
 d - 7 potions of might
 i - a potion of resistance
 j - 9 potions of curing
 m - 3 potions of cancellation
 o - a potion of mutation
 p - 2 potions of magic
 s - 3 potions of attraction
 B - a potion of haste
 D - 3 potions of lignification

Dungeon Overview and Level Annotations

Branches:
Dungeon (15/15)            Temple (1/1) D:6            Lair (5/5) D:8
  Swamp (0/4) Lair:3       Spider (2/4) Lair:3        Slime (0/5) Lair:4
    Orc (2/2) D:9             Elf (0/3) Orc:2        Vaults (0/5) D:13
 Depths (0/4) D:15

Altars:
Ashenzari
Cheibriados
Dithmenos
Elyvilon
Fedhas
Gozag
Hepliaklqana
Kikubaaqudgha
Makhleb
Nemelex Xobeh
Okawaru
Qazlal
Ru
Sif Muna
Trog
Uskayaw
Vehumet
Wu Jian
Xom
Yredelemnul
Zin
The Shining One
Jiyva

Shops:
D:3 (   D:14 ?[[   Orc:2 ([[!

Annotations:
D:12 2 runed translucent doors, Netaeli's ghost, journeyman SpVM
Spider:2 Jorgrun


Message History

Jorgrun is lightly wounded.
Jorgrun hits you but does no damage.
You slash Jorgrun!
Jorgrun looks as sick as possible!
Jorgrun is moderately wounded.
Jorgrun casts a spell at you.
Roots burst forth from the earth!
The grasping roots grab you! The grasping roots constrict you.
You hit Jorgrun but do no damage.
Jorgrun looks as sick as possible!
Jorgrun is moderately wounded.
Jorgrun hits you with a +0 vorpal quarterstaff.
The grasping roots constrict you!
You hit Jorgrun.
Jorgrun looks as sick as possible!
Jorgrun is moderately wounded.
Jorgrun says, "A few more walls knocked out 'ere an' thar an' 'tis whole place will come crashin' down."
You block Jorgrun's attack. The grasping roots constrict you.
You slice Jorgrun!!
Jorgrun is heavily wounded.
Jorgrun drinks a potion.
Jorgrun's spells are empowered!
The grasping roots constrict you.
You slash Jorgrun!
Jorgrun looks as sick as possible!
Jorgrun is severely wounded.
Jorgrun says, "Yer just na down-ta-earth enough."
You block Jorgrun's attack. The grasping roots constrict you!
28226 ||| INVOKING Heroism.
You gain the combat prowess of a mighty hero.
You block Jorgrun's attack. The grasping roots constrict you.
You barely miss Jorgrun.
Jorgrun is severely wounded.
You block Jorgrun's attack. The grasping roots constrict you!
You slice Jorgrun!!
Jorgrun looks as sick as possible!
Jorgrun is almost dead.
You block Jorgrun's attack. The grasping roots constrict you.
You miss Jorgrun.
Jorgrun is almost dead.
You closely miss Jorgrun.
Jorgrun is almost dead.
Jorgrun gestures at you while chanting. The iron shot hits you!!!
You die...

## #.## #..## .#
#...##..# ##.@g...#
##..##..## ####..## ##
### ###.#.### ### ####
#.. ##..#.## ##.###..#
##.# #..#### #..#....#
#..# ##.## #..#...## ##.#
##.# ### ##..##...# #^##
#.#####.###^####..#####.#


You could see Jorgrun (empowered, extremely poisoned).

Vanquished Creatures
  Rupert (D:14)
  Gastronok (Lair:2)
  Kirke (D:12)
  Nessos (D:14)
  A dire elephant (D:15)
  Snorg (D:11)
  2 entropy weavers
  5 hydras
  8 vault guards
  An ogre mage (D:12)
  4 centaur warriors
  A rakshasa (D:14)
  4 two-headed ogres
  8 boulder beetles
  3 tengu warriors
  Amaemon (Lair:2)
  Urug (Lair:3)
  Lodul (D:12)
  A steelbarb worm (Spider:2)
  A sun moth (Spider:1)
  3 pharaoh ants (Spider:2)
  6 orb spiders
  A wizard (D:12)
  3 orc knights
  5 deep elf pyromancers
  8 wolf spiders
  14 ugly things
  4 manticores
  An orc sorcerer (Orc:2)
  3 oklob plants (Lair:4)
  A moth of wrath (Spider:1)
  A salamander (D:15)
  10 black mambas
  6 cyclopes
  A guardian serpent (Lair:5)
  14 elephants
  Joseph (D:9)
  2 rime drakes
  An orange demon (Lair:2)
  Maggie (D:7)
  A yaktaur (D:12)
  20 cane toads
  3 demonic crawlers
  11 komodo dragons
  An efreet (D:12)
  A queen bee (shapeshifter) (D:12)
  2 trolls
  A tarantella (shapeshifter) (D:15)
  5 polar bears
  8 tarantellas
  2 hornets (Lair:5)
  18 slime creatures
  19 dream sheep
  22 blink frogs
  9 jumping spiders
  Sigmund (D:4)
  12 culicivoras
  3 shadows
  12 wyverns
  3 vampires
  33 yaks
  4 wraiths
  4 hogs (D:12)
  A human (shapeshifter) (D:12)
  3 vampire mosquitoes (D:12)
  2 basilisks
  A warg (Orc:2)
  21 redbacks
  A steam dragon (D:7)
  Menkaure (D:7)
  An acid dragon (D:12)
  20 water moccasins
  2 sky beasts
  An ice beast (D:8)
  35 orc warriors
  7 black bears
  31 wolves
  13 ogres
  21 centaurs
  4 kobold brigands
  A gnoll sergeant (D:10)
  13 bullfrogs
  3 scorpions
  A necrophage (D:8)
  17 wights
  11 killer bees
  An electric eel (Lair:1)
  4 howler monkeys
  2 hounds
  3 jellies
  2 gnoll boudas
  8 orc priests
  6 iguanas
  25 orc wizards
  5 hell rats (Lair:3)
  22 gnolls
  7 adders
  2 white imps
  An ufetubus (D:5)
  2 worms
  2 dart slugs (D:1)
  74 orcs
  5 ball pythons
  4 endoplasms (D:3)
  3 giant cockroaches
  8 hobgoblins
  5 jackals (D:2)
  4 quokkas
  6 bats
  A frilled lizard (D:1)
  9 goblins
  21 kobolds
  4 rats
775 creatures vanquished.

Vanquished Creatures (others)
  60 fungi
  120 plants
180 creatures vanquished.

Grand Total: 955 creatures vanquished

Notes
Turn   | Place    | Note
-------+----------+-------------------------------------------
     0 | D:1      | qw the Gargoyle Fighter began the quest for the Orb.
     0 | D:1      | Reached XP level 1. HP: 14/14 MP: 1/1
     0 | D:1      | 0 ||| qw: Version: 0.2-a-12-gaebbb33
     0 | D:1      | 0 ||| qw: Game counter: 1576
     0 | D:1      | 0 ||| qw: Always use a shield: true
     0 | D:1      | 0 ||| qw: God list: Okawaru
     0 | D:1      | 0 ||| qw: Allow faded altars: false
     0 | D:1      | 0 ||| qw: Do Orc after D:15 true
     0 | D:1      | 0 ||| qw: Do second Lair branch before Depths: true
     0 | D:1      | 0 ||| qw: Lair rune preference: random
     0 | D:1      | 0 ||| qw: Plans: Normal, Zot:1-4, God:TSO, Crypt, Tomb,
                  | Pan, Slime:5, Hells, Abyss, Orb
     0 | D:1      | 0 ||| PLANNING D:1-11
   331 | D:1      | Reached XP level 2. HP: 15/19 MP: 2/2
   442 | D:1      | 442 ||| Stepping ~*~*~tactically~*~*~ (hiding).
   667 | D:1      | Found a faded altar of an unknown god.
   668 | D:1      | 668 ||| Stepping ~*~*~tactically~*~*~ (stealth).
   672 | D:1      | Reached skill level 3 in Axes
   672 | D:1      | Reached XP level 3. HP: 23/23 MP: 3/3
   760 | D:1      | 760 ||| DROPPING +0 club.
  1050 | D:1      | 1050 ||| DROPPING ring of wizardry.
  1051 | D:1      | 1051 ||| READING scroll labelled OROPUKHL WYCELA.
  1055 | D:1      | 1055 ||| READING scroll labelled ADIAXO VIENU.
  1056 | D:1      | 1056 ||| READING scroll labelled HUWKEOT ZOALUO.
  1057 | D:1      | 1057 ||| READING 2 scrolls labelled ARI BYBLOUQ.
  1058 | D:1      | 1058 ||| READING scroll labelled VUHIWK LO OLUCH.
  1059 | D:1      | 1059 ||| READING scroll labelled DIEWAE SOSAWKU.
  1060 | D:1      | 1060 ||| DRINKING 3 glowing sapphire potions.
  1061 | D:1      | 1061 ||| DROPPING scroll of amnesia.
  1108 | D:2      | 1108 ||| Stepping ~*~*~tactically~*~*~ (stealth).
  1325 | D:2      | 1325 ||| Stepping ~*~*~tactically~*~*~ (stealth).
  1336 | D:2      | 1336 ||| Stepping ~*~*~tactically~*~*~ (stealth).
  1367 | D:2      | Reached XP level 4. HP: 28/28 MP: 4/4
  1539 | D:2      | 1539 ||| DROPPING +0 whip.
  1956 | D:2      | 1956 ||| UPGRADING to +6 ring of strength.
  1957 | D:2      | 1957 ||| READING scroll labelled JYTAPP BUMAGH.
  1958 | D:2      | 1958 ||| READING scroll labelled BEGOYT YTESHU.
  1998 | D:3      | 1998 ||| Stepping ~*~*~tactically~*~*~ (stealth).
  2089 | D:3      | 2089 ||| Stepping ~*~*~tactically~*~*~ (stealth).
  2105 | D:3      | 2105 ||| Stepping ~*~*~tactically~*~*~ (stealth).
  2255 | D:3      | Found Irity's Antique Weapon Emporium.
  2260 | D:3      | 2260 ||| SHOPLISTING brightly glowing mace (248 gold, have
                  | 154).
  2461 | D:3      | Reached XP level 5. HP: 31/32 MP: 5/5
  2516 | D:3      | 2516 ||| Stepping ~*~*~tactically~*~*~ (stealth).
  2517 | D:3      | 2517 ||| Stepping ~*~*~tactically~*~*~ (stealth).
  2518 | D:3      | 2518 ||| Stepping ~*~*~tactically~*~*~ (stealth).
  2519 | D:3      | 2519 ||| Stepping ~*~*~tactically~*~*~ (stealth).
  2520 | D:3      | 2520 ||| Stepping ~*~*~tactically~*~*~ (stealth).
  2726 | D:4      | 2726 ||| STAIRDANCE
  2829 | D:4      | Reached XP level 6. HP: 34/37 MP: 6/6
  2835 | D:4      | Reached skill level 1 in Dodging
  2996 | D:4      | Noticed Sigmund
  3000 | D:4      | Killed Sigmund
  3001 | D:4      | Reached skill level 6 in Axes
  3001 | D:4      | Reached XP level 7. HP: 44/44 MP: 7/7
  3239 | D:4      | Reached skill level 1 in Throwing
  3319 | D:4      | 3319 ||| DROPPING +0 flail.
  3708 | D:4      | Found a sacrificial altar of Ru.
  3712 | D:4      | 3712 ||| UPGRADING to +0 cloak.
  3717 | D:4      | 3717 ||| READING scroll labelled ICKAENKUEF.
  3718 | D:4      | 3718 ||| DRINKING 3 fuming red potions.
  3719 | D:4      | 3719 ||| DROPPING 2 potions of brilliance.
  3733 | D:5      | Entered Level 5 of the Dungeon
  3885 | D:5      | 3885 ||| FLEEEEING.
  3928 | D:5      | 3928 ||| FLEEEEING.
  3929 | D:5      | 3929 ||| FLEEEEING.
  3930 | D:5      | 3930 ||| FLEEEEING.
  3931 | D:5      | 3931 ||| FLEEEEING.
  3932 | D:5      | 3932 ||| STAIRDANCE
  3973 | D:5      | 3973 ||| STAIRDANCE
  3983 | D:5      | 3983 ||| STAIRDANCE
  4161 | D:5      | Reached XP level 8. HP: 49/49 MP: 8/8
  4276 | D:5      | 4276 ||| Stepping ~*~*~tactically~*~*~ (stealth).
  4277 | D:5      | 4277 ||| Stepping ~*~*~tactically~*~*~ (stealth).
  4349 | D:5      | Reached skill level 6 in Fighting
  5215 | D:5      | 5215 ||| UPGRADING to +0 chain mail.
  5225 | D:5      | 5225 ||| DROPPING +0 scale mail.
  5226 | D:5      | 5226 ||| UPGRADING to +1 hat.
  5297 | D:6      | 5297 ||| Stepping ~*~*~tactically~*~*~ (hiding).
  5664 | D:6      | 5664 ||| Stepping ~*~*~tactically~*~*~ (hiding).
  5676 | D:6      | Reached skill level 9 in Axes
  5680 | D:6      | Reached XP level 9. HP: 32/55 MP: 9/9
  5747 | D:6      | 5747 ||| FLEEEEING.
  5927 | D:6      | Found a staircase to the Ecumenical Temple.
  5928 | D:6      | 5928 ||| PLANNING TEMPLE
  5928 | D:6      | 5928 ||| UPGRADING to +0 helmet.
  5938 | D:6      | 5938 ||| DROPPING +1 hat.
  5939 | D:6      | 5939 ||| DRINKING 2 viscous ruby potions.
  5940 | D:6      | 5940 ||| DROPPING potion of degeneration.
  5949 | Temple   | Entered the Ecumenical Temple
  5982 | Temple   | 5982 ||| PLANNING OKAWARU WORSHIP
  6147 | Temple   | Became a worshipper of Warmaster Okawaru
  6148 | Temple   | 6148 ||| PLANNING D:1-11
  6272 | D:6      | 6272 ||| READING scroll labelled BAIBLA URUOTE ZIO.
  6335 | D:7      | You fall into a shaft and drop 2 floors!
  6396 | D:9      | 6396 ||| Stepping ~*~*~tactically~*~*~ (stealth).
  6537 | D:9      | 6537 ||| Stepping ~*~*~tactically~*~*~ (hiding).
  6552 | D:9      | Noticed Joseph
  6553 | D:9      | 6553 ||| Stepping ~*~*~tactically~*~*~ (stealth).
  6602 | D:9      | Identified the +0 ring mail of Unambiguity {rPois rC-
                  | Int+4}
  6613 | D:9      | Reached * piety under Okawaru
  6638 | D:9      | 6638 ||| Stepping ~*~*~tactically~*~*~ (stealth).
  6643 | D:9      | Reached skill level 1 in Invocations
  6656 | D:9      | 6656 ||| Stepping ~*~*~tactically~*~*~ (stealth).
  6657 | D:9      | 6657 ||| Stepping ~*~*~tactically~*~*~ (stealth).
  6663 | D:9      | 6663 ||| Stepping ~*~*~tactically~*~*~ (stealth).
  6664 | D:9      | 6664 ||| INVOKING Heroism.
  6680 | D:9      | Killed Joseph
  6681 | D:9      | Reached skill level 3 in Invocations
  6783 | D:9      | 6783 ||| READING 2 scrolls labelled JEANWEMOT ZUU.
  6784 | D:9      | 6784 ||| READING scroll labelled PUTTOO BESCH.
  6885 | D:9      | 6885 ||| READING scroll labelled HIHAVUBIKO.
  6886 | D:9      | 6886 ||| DRINKING 2 bubbling cyan potions.
  6887 | D:9      | 6887 ||| READING 5 scrolls of identify.
  6887 | D:9      | 6887 ||| IDENTIFYING orange potion
  6888 | D:9      | 6888 ||| READING 4 scrolls of identify.
  6888 | D:9      | 6888 ||| IDENTIFYING smoky inky potion
  6889 | D:9      | 6889 ||| READING 3 scrolls of identify.
  6889 | D:9      | 6889 ||| IDENTIFYING pink potion
  6890 | D:9      | 6890 ||| READING 2 scrolls of identify.
  6890 | D:9      | 6890 ||| IDENTIFYING emerald potion
  6891 | D:9      | 6891 ||| DROPPING potion of berserk rage.
  6892 | D:9      | 6892 ||| DROPPING potion of flight.
  6893 | D:9      | 6893 ||| DROPPING scroll of noise.
  6963 | D:8      | 6963 ||| Stepping ~*~*~tactically~*~*~ (stealth).
  6971 | D:8      | Reached ** piety under Okawaru
  6981 | D:8      | Noticed a komodo dragon
  6982 | D:8      | 6982 ||| Stepping ~*~*~tactically~*~*~ (stealth).
  6984 | D:8      | 6984 ||| INVOKING Heroism.
  6993 | D:8      | Killed a komodo dragon
  6994 | D:8      | Reached XP level 10. HP: 41/63 MP: 11/13
  7154 | D:8      | 7154 ||| Stepping ~*~*~tactically~*~*~ (hiding).
  7155 | D:8      | 7155 ||| Stepping ~*~*~tactically~*~*~ (hiding).
  7195 | D:8      | 7195 ||| READING scroll of enchant weapon.
  7195 | D:8      | 7195 ||| ENCHANTING +1 war axe of venom.
  7220 | D:8      | 7220 ||| Stepping ~*~*~tactically~*~*~ (stealth).
  7221 | D:8      | 7221 ||| INVOKING Heroism.
  7241 | D:8      | Found a sparkling altar of Nemelex Xobeh.
  7243 | D:8      | Found a hazy altar of Hepliaklqana.
  7259 | D:8      | 7259 ||| Stepping ~*~*~tactically~*~*~ (stealth).
  7326 | D:8      | 7326 ||| DROPPING +0 ring mail of fire resistance.
  7327 | D:8      | 7327 ||| UPGRADING to +0 plate armour.
  7337 | D:8      | 7337 ||| DROPPING +0 chain mail.
  7338 | D:8      | 7338 ||| UPGRADING to ring of resist corrosion.
  7339 | D:8      | 7339 ||| READING scroll labelled KUOLEQ HYATUKI.
  7340 | D:8      | 7340 ||| READING 2 scrolls of identify.
  7340 | D:8      | 7340 ||| IDENTIFYING fizzy brown potion
  7360 | D:7      | Reached skill level 6 in Armour
  7371 | D:7      | 7371 ||| INVOKING Heroism.
  7376 | D:7      | Reached *** piety under Okawaru
  7380 | D:7      | Noticed Menkaure
  7385 | D:7      | Noticed Maggie
  7395 | D:7      | Killed Menkaure
  7407 | D:7      | Killed Maggie
  7557 | D:7      | 7557 ||| DROPPING +0 morningstar.
  7561 | D:7      | 7561 ||| SWAPPING to +0 broad axe of draining.
  7562 | D:7      | 7562 ||| DROPPING +2 war axe of venom.
  7945 | D:8      | 7945 ||| INVOKING Heroism.
  7947 | D:8      | 7947 ||| STAIRDANCE
  7968 | D:8      | 7968 ||| INVOKING Heroism.
  8045 | D:8      | 8045 ||| Stepping ~*~*~tactically~*~*~ (stealth).
  8048 | D:8      | 8048 ||| Stepping ~*~*~tactically~*~*~ (stealth).
  8052 | D:8      | 8052 ||| Stepping ~*~*~tactically~*~*~ (stealth).
  8053 | D:8      | 8053 ||| Stepping ~*~*~tactically~*~*~ (stealth).
  8065 | D:8      | 8065 ||| Stepping ~*~*~tactically~*~*~ (stealth).
  8066 | D:8      | 8066 ||| Stepping ~*~*~tactically~*~*~ (stealth).
  8067 | D:8      | 8067 ||| Stepping ~*~*~tactically~*~*~ (stealth).
  8185 | D:8      | Found a staircase to the Lair.
  8452 | D:8      | 8452 ||| PLANNING LAIR
  8452 | D:8      | 8452 ||| DRINKING 2 yellow potions.
  8495 | Lair:1   | Entered Level 1 of the Lair of Beasts
  8497 | Lair:1   | Noticed a black mamba
  8498 | Lair:1   | 8498 ||| INVOKING Heroism.
  8507 | Lair:1   | Killed a black mamba
  8508 | Lair:1   | 8508 ||| Stepping ~*~*~tactically~*~*~ (stealth).
  8509 | Lair:1   | 8509 ||| Stepping ~*~*~tactically~*~*~ (stealth).
  8511 | Lair:1   | Reached **** piety under Okawaru
  8519 | Lair:1   | Reached XP level 11. HP: 30/69 MP: 14/14
  8520 | Lair:1   | 8520 ||| INVOKING Heroism.
  8530 | Lair:1   | Reached skill level 9 in Fighting
  8855 | Lair:1   | 8855 ||| INVOKING Heroism.
  8948 | Lair:1   | 8948 ||| INVOKING Heroism.
  8956 | Lair:1   | Reached skill level 6 in Invocations
  9052 | Lair:1   | 9052 ||| INVOKING Heroism.
  9087 | Lair:1   | 9087 ||| READING scroll of brand weapon.
  9087 | Lair:1   | 9087 ||| BRANDING +0 broad axe of draining.
  9088 | Lair:1   | 9088 ||| DROPPING +0 morningstar of protection.
  9349 | Lair:1   | 9349 ||| INVOKING Heroism.
  9356 | Lair:1   | Reached ***** piety under Okawaru
  9620 | Lair:1   | 9620 ||| READING scroll labelled FAARO OMAS.
  9621 | Lair:1   | 9621 ||| DRINKING 2 smoky orange potions.
  9657 | Lair:2   | 9657 ||| INVOKING Heroism.
  9702 | Lair:2   | 9702 ||| INVOKING Heroism.
  9853 | Lair:2   | Noticed Gastronok
  9854 | Lair:2   | 9854 ||| INVOKING Heroism.
  9879 | Lair:2   | Killed Gastronok
  9879 | Lair:2   | Identified the +1 quarterstaff of the Warrior-Mage {venom,
                  | rF+ Dex+5} (Okawaru gifted it to you on level 2 of the Lair
                  | of Beasts)
  9879 | Lair:2   | Received a gift from Okawaru
  9880 | Lair:2   | Reached skill level 3 in Throwing
  9922 | Lair:2   | 9922 ||| Stepping ~*~*~tactically~*~*~ (stealth).
  9924 | Lair:2   | 9924 ||| INVOKING Heroism.
  9933 | Lair:2   | Noticed Amaemon
  9937 | Lair:2   | 9937 ||| Stepping ~*~*~tactically~*~*~ (hiding).
  9954 | Lair:2   | Killed Amaemon
  9986 | Lair:2   | 9986 ||| READING scroll of enchant armour.
  9986 | Lair:2   | 9986 ||| ENCHANTING +0 helmet.
 10443 | Lair:2   | 10443 ||| INVOKING Heroism.
 10465 | Lair:2   | 10465 ||| UPGRADING to scarf of resistance.
 10502 | Lair:3   | Noticed Urug
 10503 | Lair:3   | 10503 ||| INVOKING Heroism.
 10504 | Lair:3   | 10504 ||| INVOKING Finesse.
 10512 | Lair:3   | Killed Urug
 10513 | Lair:3   | Reached skill level 9 in Invocations
 10513 | Lair:3   | Reached XP level 12. HP: 76/76 MP: 10/18
 10567 | Lair:3   | Noticed a four-headed hydra
 10568 | Lair:3   | 10568 ||| INVOKING Heroism.
 10574 | Lair:3   | Killed a two-headed hydra
 10626 | Lair:3   | Received a gift from Okawaru
 10642 | Lair:3   | 10642 ||| Stepping ~*~*~tactically~*~*~ (stealth).
 10664 | Lair:3   | Found a hole to the Spider Nest.
 10678 | Lair:3   | 10678 ||| INVOKING Heroism.
 10802 | Lair:3   | 10802 ||| INVOKING Heroism.
 10824 | Lair:3   | Received a gift from Okawaru
 10891 | Lair:3   | 10891 ||| INVOKING Heroism.
 10943 | Lair:3   | Noticed a five-headed hydra
 10944 | Lair:3   | 10944 ||| INVOKING Heroism.
 10950 | Lair:3   | Killed a three-headed hydra
 10951 | Lair:3   | Reached skill level 12 in Axes
 11009 | Lair:3   | 11009 ||| INVOKING Heroism.
 11015 | Lair:3   | Reached skill level 6 in Shields
 11202 | Lair:3   | 11202 ||| INVOKING Heroism.
 11363 | Lair:3   | 11363 ||| INVOKING Heroism.
 11367 | Lair:3   | 11367 ||| Stepping ~*~*~tactically~*~*~ (stealth).
 11480 | Lair:3   | 11480 ||| INVOKING Heroism.
 11840 | Lair:3   | 11840 ||| INVOKING Heroism.
 11911 | Lair:3   | Found a staircase to the Swamp.
 11915 | Lair:3   | You fall into a shaft and drop 2 floors!
 11915 | Lair:5   | Entered Level 5 of the Lair of Beasts
 11915 | Lair:5   | Noticed an eight-headed hydra
 11916 | Lair:5   | 11916 ||| INVOKING Heroism.
 11929 | Lair:5   | Killed a one-headed hydra
 11930 | Lair:5   | Reached XP level 13. HP: 46/82 MP: 18/20
 11936 | Lair:5   | Reached skill level 9 in Armour
 12079 | Lair:5   | 12079 ||| Stepping ~*~*~tactically~*~*~ (stealth).
 12080 | Lair:5   | 12080 ||| Stepping ~*~*~tactically~*~*~ (stealth).
 12081 | Lair:5   | 12081 ||| Stepping ~*~*~tactically~*~*~ (stealth).
 12082 | Lair:5   | 12082 ||| Stepping ~*~*~tactically~*~*~ (stealth).
 12095 | Lair:5   | 12095 ||| FLEEEEING.
 12101 | Lair:5   | 12101 ||| STAIRDANCE
 12134 | Lair:4   | 12134 ||| Stepping ~*~*~tactically~*~*~ (stealth).
 12204 | Lair:4   | 12204 ||| INVOKING Heroism.
 12205 | Lair:4   | 12205 ||| INVOKING Finesse.
 12206 | Lair:4   | Found a viscous altar of Jiyva.
 12207 | Lair:4   | Found a staircase to the Slime Pits.
 12441 | Lair:4   | 12441 ||| READING scroll of enchant armour.
 12441 | Lair:4   | 12441 ||| ENCHANTING +1 helmet.
 12449 | Lair:4   | 12449 ||| Stepping ~*~*~tactically~*~*~ (stealth).
 12451 | Lair:4   | 12451 ||| INVOKING Heroism.
 12452 | Lair:4   | 12452 ||| INVOKING Finesse.
 12564 | Lair:4   | Found a hide-covered altar of Uskayaw.
 12774 | Lair:4   | Found an ornate altar of the Wu Jian Council.
 12808 | Lair:4   | 12808 ||| DROPPING +2 hat of stealth.
 12809 | Lair:4   | 12809 ||| DROPPING +0 chain mail of cold resistance.
 12810 | Lair:4   | 12810 ||| UPGRADING to +0 crystal plate armour.
 12820 | Lair:4   | 12820 ||| DROPPING +0 plate armour.
 12823 | Lair:4   | 12823 ||| INVOKING Heroism.
 13312 | Lair:4   | 13312 ||| INVOKING Heroism.
 13421 | Lair:4   | 13421 ||| INVOKING Heroism.
 13489 | Lair:4   | 13489 ||| Stepping ~*~*~tactically~*~*~ (stealth).
 13493 | Lair:4   | 13493 ||| INVOKING Heroism.
 13572 | Lair:4   | 13572 ||| INVOKING Heroism.
 13819 | Lair:4   | 13819 ||| Stepping ~*~*~tactically~*~*~ (stealth).
 13820 | Lair:4   | 13820 ||| Stepping ~*~*~tactically~*~*~ (stealth).
 13823 | Lair:4   | 13823 ||| INVOKING Heroism.
 14097 | Lair:4   | 14097 ||| Stepping ~*~*~tactically~*~*~ (water).
 14303 | Lair:5   | 14303 ||| Stepping ~*~*~tactically~*~*~ (stealth).
 14305 | Lair:5   | 14305 ||| Stepping ~*~*~tactically~*~*~ (stealth).
 14310 | Lair:5   | 14310 ||| Stepping ~*~*~tactically~*~*~ (stealth).
 14318 | Lair:5   | 14318 ||| INVOKING Heroism.
 14448 | Lair:5   | 14448 ||| Stepping ~*~*~tactically~*~*~ (stealth).
 14513 | Lair:5   | 14513 ||| Stepping ~*~*~tactically~*~*~ (stealth).
 14553 | Lair:5   | 14553 ||| Stepping ~*~*~tactically~*~*~ (stealth).
 14602 | Lair:5   | Received a gift from Okawaru
 14614 | Lair:5   | Reached ****** piety under Okawaru
 14615 | Lair:5   | Gained mutation: Your large and strong wings let you fly.
                  | [Gargoyle growth]
 14615 | Lair:5   | Reached XP level 14. HP: 87/90 MP: 21/21
 14632 | Lair:5   | 14632 ||| INVOKING Heroism.
 14681 | Lair:5   | Identified the +0 crystal plate armour of the Weaver {rPois
                  | rF+} (Okawaru gifted it to you on level 5 of the Lair of
                  | Beasts)
 14681 | Lair:5   | Received a gift from Okawaru
 14687 | Lair:5   | 14687 ||| INVOKING Heroism.
 14694 | Lair:5   | Reached skill level 12 in Armour
 14817 | Lair:5   | 14817 ||| Stepping ~*~*~tactically~*~*~ (stealth).
 14858 | Lair:5   | 14858 ||| INVOKING Heroism.
 14926 | Lair:5   | Found a glowing golden altar of the Shining One.
 14930 | Lair:5   | 14930 ||| INVOKING Heroism.
 15022 | Lair:5   | 15022 ||| Stepping ~*~*~tactically~*~*~ (stealth).
 15023 | Lair:5   | 15023 ||| Stepping ~*~*~tactically~*~*~ (stealth).
 15160 | Lair:5   | 15160 ||| FLEEEEING.
 15165 | Lair:5   | 15165 ||| Stepping ~*~*~tactically~*~*~ (stealth).
 15255 | Lair:5   | 15255 ||| Stepping ~*~*~tactically~*~*~ (stealth).
 15319 | Lair:5   | 15319 ||| Stepping ~*~*~tactically~*~*~ (stealth).
 15338 | Lair:5   | 15338 ||| INVOKING Heroism.
 15341 | Lair:5   | Reached skill level 15 in Axes
 15622 | Lair:5   | 15622 ||| Stepping ~*~*~tactically~*~*~ (stealth).
 15624 | Lair:5   | 15624 ||| Stepping ~*~*~tactically~*~*~ (stealth).
 15627 | Lair:5   | 15627 ||| Stepping ~*~*~tactically~*~*~ (stealth).
 16110 | Lair:5   | 16110 ||| PLANNING D:1-11
 16110 | Lair:5   | 16110 ||| UPGRADING to +0 crystal plate armour of the
                  | Weaver {rPois rF+}.
 16120 | Lair:5   | 16120 ||| UPGRADING to +2 buckler.
 16130 | Lair:5   | 16130 ||| DROPPING +0 buckler.
 16131 | Lair:5   | 16131 ||| DROPPING +0 crystal plate armour.
 16517 | D:9      | Found a staircase to the Orcish Mines.
 16518 | D:9      | 16518 ||| Stepping ~*~*~tactically~*~*~ (hiding).
 16522 | D:9      | 16522 ||| INVOKING Heroism.
 16527 | D:9      | 16527 ||| Stepping ~*~*~tactically~*~*~ (hiding).
 16537 | D:9      | 16537 ||| Stepping ~*~*~tactically~*~*~ (hiding).
 16549 | D:9      | 16549 ||| Stepping ~*~*~tactically~*~*~ (hiding).
 16567 | D:9      | 16567 ||| Stepping ~*~*~tactically~*~*~ (hiding).
 16854 | D:10     | Entered Level 10 of the Dungeon
 16860 | D:10     | 16860 ||| INVOKING Heroism.
 16974 | D:10     | Reached skill level 12 in Fighting
 17000 | D:10     | 17000 ||| INVOKING Heroism.
 17497 | D:10     | 17497 ||| Stepping ~*~*~tactically~*~*~ (stealth).
 17662 | D:11     | 17662 ||| Stepping ~*~*~tactically~*~*~ (stealth).
 17663 | D:11     | 17663 ||| Stepping ~*~*~tactically~*~*~ (stealth).
 17740 | D:11     | 17740 ||| INVOKING Heroism.
 17741 | D:11     | 17741 ||| INVOKING Finesse.
 17780 | D:11     | 17780 ||| Stepping ~*~*~tactically~*~*~ (stealth).
 17790 | D:11     | 17790 ||| Stepping ~*~*~tactically~*~*~ (stealth).
 17806 | D:11     | Received a gift from Okawaru
 18314 | D:11     | Identified the +1 chain mail "Gelusoin" {Int+6}
 18441 | D:11     | 18441 ||| PLANNING D
 18441 | D:11     | 18441 ||| UPGRADING to +6 ring of dexterity.
 18443 | D:11     | 18443 ||| READING 9 scrolls of identify.
 18443 | D:11     | 18443 ||| IDENTIFYING grey potion
 18444 | D:11     | 18444 ||| DROPPING potion of invisibility.
 18467 | D:12     | 18467 ||| STAIRDANCE
 18476 | D:12     | 18476 ||| STAIRDANCE
 18485 | D:12     | 18485 ||| STAIRDANCE
 18515 | D:12     | 18515 ||| STAIRDANCE
 18549 | D:12     | 18549 ||| STAIRDANCE
 18553 | D:11     | Reached skill level 3 in Dodging
 18621 | D:12     | Noticed Snorg
 18622 | D:12     | 18622 ||| STAIRDANCE
 18629 | D:12     | 18629 ||| STAIRDANCE
 18631 | D:11     | 18631 ||| INVOKING Heroism.
 18632 | D:11     | 18632 ||| INVOKING Finesse.
 18641 | D:11     | Killed Snorg
 18641 | D:11     | Received a gift from Okawaru
 18896 | D:12     | Noticed Netaeli's ghost (journeyman SpVM)
 18914 | D:12     | 18914 ||| Stepping ~*~*~tactically~*~*~ (stealth).
 18916 | D:12     | 18916 ||| Stepping ~*~*~tactically~*~*~ (hiding).
 19012 | D:12     | 19012 ||| Stepping ~*~*~tactically~*~*~ (stealth).
 19014 | D:12     | 19014 ||| Stepping ~*~*~tactically~*~*~ (hiding).
 19021 | D:12     | 19021 ||| Stepping ~*~*~tactically~*~*~ (hiding).
 19022 | D:12     | 19022 ||| Stepping ~*~*~tactically~*~*~ (hiding).
 19061 | D:12     | 19061 ||| READING 3 scrolls of brand weapon.
 19061 | D:12     | 19061 ||| BRANDING +0 broad axe of flaming.
 19062 | D:12     | 19062 ||| READING 2 scrolls of brand weapon.
 19062 | D:12     | 19062 ||| BRANDING +0 broad axe of draining.
 19063 | D:12     | 19063 ||| READING scroll of brand weapon.
 19063 | D:12     | 19063 ||| BRANDING +0 broad axe of flaming.
 19173 | D:12     | 19173 ||| DRINKING 7 potions of curing.
 19173 | D:12     | 19173 ||| (to cure confusion)
 19229 | D:12     | Noticed Kirke
 19230 | D:12     | 19230 ||| INVOKING Heroism.
 19231 | D:12     | 19231 ||| INVOKING Finesse.
 19246 | D:12     | 19246 ||| DRINKING 4 potions of cancellation.
 19260 | D:12     | Killed Kirke
 19307 | D:12     | 19307 ||| Stepping ~*~*~tactically~*~*~ (hiding).
 19308 | D:12     | 19308 ||| Stepping ~*~*~tactically~*~*~ (hiding).
 19310 | D:12     | 19310 ||| Stepping ~*~*~tactically~*~*~ (hiding).
 19423 | D:12     | 19423 ||| INVOKING Heroism.
 19424 | D:12     | 19424 ||| INVOKING Finesse.
 19431 | D:12     | Received a gift from Okawaru
 19432 | D:12     | Reached XP level 15. HP: 96/96 MP: 14/22
 19461 | D:12     | 19461 ||| Stepping ~*~*~tactically~*~*~ (stealth).
 19462 | D:12     | 19462 ||| Stepping ~*~*~tactically~*~*~ (stealth).
 19467 | D:12     | 19467 ||| Stepping ~*~*~tactically~*~*~ (stealth).
 19506 | D:12     | 19506 ||| Stepping ~*~*~tactically~*~*~ (hiding).
 19539 | D:12     | 19539 ||| INVOKING Heroism.
 19549 | D:12     | Received a gift from Okawaru
 19715 | D:12     | Identified the +6 rapier "Qeveoth" {venom, Will+}
 19745 | D:12     | 19745 ||| Stepping ~*~*~tactically~*~*~ (hiding).
 19753 | D:12     | 19753 ||| INVOKING Heroism.
 19759 | D:12     | 19759 ||| Stepping ~*~*~tactically~*~*~ (hiding).
 19957 | D:12     | 19957 ||| Stepping ~*~*~tactically~*~*~ (stealth).
 19959 | D:12     | Noticed Lodul
 19960 | D:12     | 19960 ||| INVOKING Heroism.
 19974 | D:12     | Killed Lodul
 20096 | D:12     | Found a runed translucent door.
 20100 | D:12     | Noticed a frost giant
 20106 | D:12     | Found a runed translucent door.
 20114 | D:12     | Noticed a lich
 20264 | D:12     | 20264 ||| UPGRADING to +2 tower shield of fire resistance.
 20274 | D:12     | 20274 ||| DROPPING +2 buckler.
 20275 | D:12     | 20275 ||| UPGRADING to ring of see invisible.
 20277 | D:12     | 20277 ||| UPGRADING to +6 ring of strength.
 20279 | D:12     | 20279 ||| READING 9 scrolls of identify.
 20279 | D:12     | 20279 ||| IDENTIFYING metallic purple potion
 20280 | D:12     | 20280 ||| DRINKING potion of experience.
 20280 | D:12     | Reached skill level 9 in Shields
 20280 | D:12     | Reached XP level 16. HP: 101/101 MP: 23/23
 20306 | D:13     | 20306 ||| Stepping ~*~*~tactically~*~*~ (stealth).
 20331 | D:13     | 20331 ||| Stepping ~*~*~tactically~*~*~ (stealth).
 20331 | D:13     | Found a gate to the Vaults.
 20332 | D:13     | 20332 ||| FLEEEEING.
 20333 | D:13     | 20333 ||| FLEEEEING.
 20334 | D:13     | 20334 ||| Stepping ~*~*~tactically~*~*~ (hiding).
 20335 | D:13     | 20335 ||| FLEEEEING.
 20337 | D:13     | 20337 ||| STAIRDANCE
 20347 | D:12     | 20347 ||| INVOKING Heroism.
 20538 | D:13     | 20538 ||| STAIRDANCE
 20598 | D:13     | 20598 ||| STAIRDANCE
 20745 | D:13     | 20745 ||| STAIRDANCE
 20748 | D:12     | 20748 ||| INVOKING Heroism.
 20998 | D:13     | 20998 ||| STAIRDANCE
 21130 | D:13     | 21130 ||| Stepping ~*~*~tactically~*~*~ (hiding).
 21177 | D:13     | 21177 ||| FLEEEEING.
 21187 | D:13     | 21187 ||| STAIRDANCE
 21372 | D:13     | 21372 ||| Stepping ~*~*~tactically~*~*~ (stealth).
 21375 | D:13     | 21375 ||| Stepping ~*~*~tactically~*~*~ (stealth).
 21376 | D:13     | 21376 ||| Stepping ~*~*~tactically~*~*~ (stealth).
 21377 | D:13     | 21377 ||| Stepping ~*~*~tactically~*~*~ (stealth).
 21378 | D:13     | 21378 ||| Stepping ~*~*~tactically~*~*~ (stealth).
 21965 | D:14     | Found Vearu's Armour Shoppe.
 21971 | D:14     | 21971 ||| BUYING +0 pair of gloves (58 gold).
 21971 | D:14     | Bought a +0 pair of gloves for 58 gold pieces
 21971 | D:14     | 21971 ||| BUYING +1 cloak (149 gold).
 21971 | D:14     | Bought a +1 cloak for 149 gold pieces
 22086 | D:14     | Found Gugrodos's Magic Scroll Shop.
 22102 | D:14     | 22102 ||| BUYING scroll of enchant weapon (82 gold).
 22102 | D:14     | Bought a scroll of enchant weapon for 82 gold pieces
 22102 | D:14     | 22102 ||| BUYING scroll of identify (22 gold).
 22102 | D:14     | Bought a scroll of identify for 22 gold pieces
 22102 | D:14     | 22102 ||| BUYING scroll of identify (22 gold).
 22102 | D:14     | Bought a scroll of identify for 22 gold pieces
 22102 | D:14     | 22102 ||| BUYING scroll of teleportation (33 gold).
 22102 | D:14     | Bought a scroll of teleportation for 33 gold pieces
 22102 | D:14     | 22102 ||| BUYING scroll of teleportation (33 gold).
 22102 | D:14     | Bought a scroll of teleportation for 33 gold pieces
 22102 | D:14     | 22102 ||| READING scroll of enchant weapon.
 22102 | D:14     | 22102 ||| ENCHANTING +0 broad axe of venom.
 22136 | D:14     | Reached skill level 12 in Shields
 22209 | D:14     | 22209 ||| Stepping ~*~*~tactically~*~*~ (stealth).
 22211 | D:14     | 22211 ||| Stepping ~*~*~tactically~*~*~ (stealth).
 22212 | D:14     | 22212 ||| Stepping ~*~*~tactically~*~*~ (stealth).
 22275 | D:14     | 22275 ||| Stepping ~*~*~tactically~*~*~ (stealth).
 22276 | D:14     | 22276 ||| Stepping ~*~*~tactically~*~*~ (stealth).
 22277 | D:14     | 22277 ||| Stepping ~*~*~tactically~*~*~ (hiding).
 22281 | D:14     | 22281 ||| INVOKING Heroism.
 22337 | D:14     | Noticed Nessos
 22338 | D:14     | 22338 ||| INVOKING Finesse.
 22352 | D:14     | 22352 ||| INVOKING Heroism.
 22356 | D:14     | Killed Nessos
 22631 | D:14     | Found Peecear's Armour Emporium.
 22648 | D:14     | Noticed Rupert
 22649 | D:14     | 22649 ||| INVOKING Heroism.
 22650 | D:14     | 22650 ||| INVOKING Finesse.
 22658 | D:14     | Killed Rupert
 22737 | D:14     | 22737 ||| Stepping ~*~*~tactically~*~*~ (hiding).
 22740 | D:14     | 22740 ||| INVOKING Heroism.
 23050 | D:14     | 23050 ||| INVOKING Heroism.
 23064 | D:14     | Identified the +1 ring mail "Dezeluag" {rF- Regen+ Stlth+}
                  | (Okawaru gifted it to you on level 14 of the Dungeon)
 23064 | D:14     | Received a gift from Okawaru
 23439 | D:14     | 23439 ||| DROPPING +0 cloak.
 23440 | D:14     | 23440 ||| UPGRADING to +0 pair of gloves.
 23445 | D:14     | 23445 ||| DROPPING amulet of faith.
 23446 | D:14     | 23446 ||| READING 10 scrolls of identify.
 23446 | D:14     | 23446 ||| IDENTIFYING white potion
 23465 | D:15     | Entered Level 15 of the Dungeon
 23466 | D:15     | Found a stormy altar of Qazlal.
 23471 | D:15     | 23471 ||| DRINKING 7 potions of curing.
 23471 | D:15     | 23471 ||| (to cure confusion)
 23486 | D:15     | 23486 ||| FLEEEEING.
 23487 | D:15     | 23487 ||| STAIRDANCE
 23540 | D:15     | 23540 ||| INVOKING Heroism.
 23546 | D:15     | 23546 ||| STAIRDANCE
 23679 | D:14     | 23679 ||| DROPPING +0 club.
 23686 | D:15     | 23686 ||| INVOKING Heroism.
 23914 | D:15     | 23914 ||| Stepping ~*~*~tactically~*~*~ (hiding).
 23915 | D:15     | 23915 ||| Stepping ~*~*~tactically~*~*~ (hiding).
 23916 | D:15     | 23916 ||| Stepping ~*~*~tactically~*~*~ (hiding).
 24002 | D:15     | 24002 ||| Stepping ~*~*~tactically~*~*~ (hiding).
 24090 | D:15     | Found a staircase to the Depths.
 24092 | D:15     | 24092 ||| INVOKING Heroism.
 24093 | D:15     | 24093 ||| INVOKING Finesse.
 24096 | D:15     | 24096 ||| SWAPPING to +0 whip.
 24150 | D:15     | 24150 ||| SWAPPING to +1 broad axe of venom.
 24349 | D:15     | 24349 ||| INVOKING Heroism.
 24450 | D:15     | 24450 ||| INVOKING Heroism.
 24506 | D:15     | 24506 ||| INVOKING Heroism.
 24508 | D:15     | 24508 ||| Stepping ~*~*~tactically~*~*~ (stealth).
 24509 | D:15     | 24509 ||| Stepping ~*~*~tactically~*~*~ (stealth).
 24513 | D:15     | 24513 ||| Stepping ~*~*~tactically~*~*~ (stealth).
 24762 | D:15     | 24762 ||| PLANNING ORC
 24762 | D:15     | 24762 ||| UPGRADING to +2 pair of boots.
 24900 | Orc:1    | Entered Level 1 of the Orcish Mines
 24984 | Orc:2    | Entered Level 2 of the Orcish Mines
 25057 | Orc:2    | 25057 ||| Stepping ~*~*~tactically~*~*~ (hiding).
 25061 | Orc:2    | 25061 ||| INVOKING Heroism.
 25062 | Orc:2    | Reached XP level 17. HP: 106/106 MP: 21/24
 25079 | Orc:2    | 25079 ||| Stepping ~*~*~tactically~*~*~ (stealth).
 25085 | Orc:2    | 25085 ||| DROPPING +0 whip.
 25187 | Orc:2    | 25187 ||| INVOKING Heroism.
 25222 | Orc:2    | 25222 ||| INVOKING Heroism.
 25236 | Orc:2    | Reached skill level 15 in Shields
 25247 | Orc:2    | 25247 ||| INVOKING Heroism.
 25254 | Orc:2    | HP: 18/106 [orc warrior/+0 dire flail (12)]
 25255 | Orc:2    | 25255 ||| READING 10 scrolls of teleportation.
 25256 | Orc:2    | 25256 ||| DRINKING 8 potions of heal wounds.
 25277 | Orc:2    | 25277 ||| INVOKING Heroism.
 25296 | Orc:2    | Found Meqi Eku's Armour Emporium.
 25296 | Orc:2    | Found Higax's Armour Boutique.
 25478 | Orc:2    | 25478 ||| Stepping ~*~*~tactically~*~*~ (stealth).
 25478 | Orc:2    | Found Muzontij's Distillery.
 25480 | Orc:2    | 25480 ||| Stepping ~*~*~tactically~*~*~ (stealth).
 25490 | Orc:2    | 25490 ||| Stepping ~*~*~tactically~*~*~ (stealth).
 25490 | Orc:2    | Found Baiwaupt's Antique Weapon Shop.
 25527 | Orc:2    | 25527 ||| Stepping ~*~*~tactically~*~*~ (hiding).
 25583 | Orc:2    | 25583 ||| BUYING +0 pair of fencer's gloves {Riposte Dex+3}
                  | (680 gold).
 25583 | Orc:2    | Bought the +0 pair of fencer's gloves {Riposte Dex+3} for
                  | 680 gold pieces
 25583 | Orc:2    | Found the +0 pair of fencer's gloves {Riposte Dex+3}
 25590 | Orc:2    | 25590 ||| BUYING 2 potions of curing (90 gold).
 25590 | Orc:2    | Bought 2 potions of curing for 90 gold pieces
 25590 | Orc:2    | 25590 ||| BUYING potion of curing (45 gold).
 25590 | Orc:2    | Bought a potion of curing for 45 gold pieces
 25590 | Orc:2    | 25590 ||| BUYING potion of lignification (45 gold).
 25590 | Orc:2    | Bought a potion of lignification for 45 gold pieces
 25590 | Orc:2    | 25590 ||| BUYING potion of lignification (45 gold).
 25590 | Orc:2    | Bought a potion of lignification for 45 gold pieces
 25590 | Orc:2    | 25590 ||| BUYING potion of lignification (45 gold).
 25590 | Orc:2    | Bought a potion of lignification for 45 gold pieces
 25737 | Orc:2    | Found a staircase to the Elven Halls.
 25757 | Orc:2    | 25757 ||| INVOKING Heroism.
 26082 | Orc:2    | 26082 ||| UPGRADING to +0 pair of fencer's gloves {Riposte
                  | Dex+3}.
 26092 | Orc:2    | 26092 ||| DROPPING +0 pair of gloves.
 26390 | Orc:1    | 26390 ||| DROPPING +0 flail.
 26508 | Orc:1    | 26508 ||| PLANNING SPIDER:1-3
 26743 | Spider:1 | Entered Level 1 of the Spider Nest
 26756 | Spider:1 | 26756 ||| INVOKING Heroism.
 26865 | Spider:1 | 26865 ||| Stepping ~*~*~tactically~*~*~ (stealth).
 26868 | Spider:1 | 26868 ||| INVOKING Heroism.
 26977 | Spider:1 | 26977 ||| Stepping ~*~*~tactically~*~*~ (stealth).
 26981 | Spider:1 | 26981 ||| Stepping ~*~*~tactically~*~*~ (hiding).
 26990 | Spider:1 | 26990 ||| INVOKING Finesse.
 27077 | Spider:1 | 27077 ||| INVOKING Finesse.
 27078 | Spider:1 | 27078 ||| INVOKING Finesse.
 27108 | Spider:1 | Identified the +2 flail "Cuohac" {holy, rPois rF+ rC+
                  | Stlth+}
 27156 | Spider:1 | 27156 ||| READING 10 scrolls of teleportation.
 27529 | Spider:2 | 27529 ||| INVOKING Heroism.
 27630 | Spider:2 | 27630 ||| Stepping ~*~*~tactically~*~*~ (stealth).
 27646 | Spider:2 | 27646 ||| Stepping ~*~*~tactically~*~*~ (stealth).
 27692 | Spider:2 | 27692 ||| Stepping ~*~*~tactically~*~*~ (stealth).
 27693 | Spider:2 | 27693 ||| Stepping ~*~*~tactically~*~*~ (stealth).
 27694 | Spider:2 | 27694 ||| FLEEEEING.
 27705 | Spider:2 | 27705 ||| INVOKING Heroism.
 27710 | Spider:2 | 27710 ||| Stepping ~*~*~tactically~*~*~ (stealth).
 27873 | Spider:2 | 27873 ||| Stepping ~*~*~tactically~*~*~ (stealth).
 27876 | Spider:2 | 27876 ||| INVOKING Heroism.
 27895 | Spider:2 | 27895 ||| Stepping ~*~*~tactically~*~*~ (stealth).
 27896 | Spider:2 | Identified the +2 ring mail of Sawutete {Int+3 Dex+4}
 28022 | Spider:2 | 28022 ||| Stepping ~*~*~tactically~*~*~ (stealth).
 28025 | Spider:2 | 28025 ||| Stepping ~*~*~tactically~*~*~ (stealth).
 28170 | Spider:2 | 28170 ||| INVOKING Finesse.
 28216 | Spider:2 | Noticed Jorgrun
 28226 | Spider:2 | 28226 ||| INVOKING Heroism.
 28230 | Spider:2 | Killed from afar by Jorgrun

Levels and vault maps discovered:
D:1:      evilmike_arrival_plus, layout_loops_ring,
          dreamdust_ecumenical_altar_grove
D:2:      layout_loops_ring
D:3:      layout_basic, serial_curves, eino_curves_03, eino_curves_03,
          serial_shops, nicolae_shop_competitors_out_of_business
D:4:      layout_loops_ring, nicolae_ru_the_path_less_chosen, uniq_sigmund
D:5:      layout_layer_cave
D:6:      layout_rooms, temple_hall, minmay_misc_feat_doors
D:7:      layout_cave_pools, uniq_maggie, uniq_menkaure
D:8:      layout_gridville, jmf_multi_god_temple, due_lair_maze_entry_diamond
D:9:      layout_loops_ring, david_orc_5, uniq_joseph
D:10:     layout_long_grid, minmay_liquid_box
D:11:     layout_basic
D:12:     minmay_stepped, layout_rooms, muffindrake_ghost_dual_entry,
          serial_aquarium, aquarium_bridge_island_small
          [aquarium_subvault_small_open, aquarium_subvault_bridge,
          aquarium_subvault_window, aquarium_subvault_balcony,
          aquarium_subvault_bridge], aquarium_window_fake, aquarium_window_fake,
          aquarium_window_1, aquarium_window_fake, aquarium_view_2g,
          aquarium_view_2b, aquarium_balcony_1b, aquarium_pool_2, uniq_kirke,
          uniq_snorg, uniq_lodul
D:13:     layout_loops_ring, erik_vaults_2
D:14:     layout_basic, serial_shops, shop, nicolae_diamond_shop,
          nicolae_lakefront_shop, grunt_decor_arrowhead, uniq_nessos,
          uniq_rupert
D:15:     hangedman_depths_entry_try_elsewhere_first, layout_rooms,
          lemuel_tele_altar
Temple:   nicolae_temple_bog_church
Lair:1:   layout_cave_shapes, portal_ice_cave_entry_pillars_2,
          serial_bayou_shore_a
Lair:2:   layout_chaotic_city, dreamdust_mushroom_princess, grunt_megastairs_4,
          infiniplex_staircase_pool, uniq_gastronok, uniq_amaemon
Lair:3:   layout_regular_city, swamp_mist, spider_nest_entry_webs,
          serial_rivers, chequers_serial_rivers_room_b,
          chequers_serial_rivers_room_a, chequers_serial_rivers_small_b,
          chequers_serial_rivers_small_a, chequers_serial_rivers_micro_d,
          chequers_serial_rivers_micro_a, uniq_urug
Lair:4:   layout_small_grid, minmay_slime_entry_oklob_enclosed,
          serial_bayou_lagoon_a, nzn_masters_of_martial_movement
Lair:5:   hangedman_lair_tendril_chambers, layout_misc_corridors, basic_altar,
          serial_bayou_pond_d
Spider:1: layout_spider_delve, drop_trap
Spider:2: layout_spider_delve, uniq_jorgrun
Orc:1:    layout_caves
Orc:2:    st_orc_rangers, layout_diamond_mine

Skill      XL: |  1  2  3  4  5  6  7  8  9 10 11 12 13 14 15 16 17 |
---------------+----------------------------------------------------+-----
Axes           | 2 3 4 5 6 7 9 11 13 14 15 16 | 16.0
Dodging        | 1 2 4 |  4.0
Fighting       | 4 5 6 7 8 9 10 11 12 | 12.0
Throwing       | 1 2 4 5 |  5.0
Armour         | 5 7 8 11 13 14 | 14.0
Shields        | 4 5 6 7 9 14 16 | 16.6
Invocations    | 4 9 10 | 10.1

Action                   |  1- 3 |  4- 6 |  7- 9 | 10-12 | 13-15 | 16-18 || total
-------------------------+-------+-------+-------+-------+-------+-------++-------
Melee: War axe           |   101 |   123 |   224 |    66 |       |       ||   514
       Broad axe         |       |       |       |   317 |   822 |   664 ||  1803
       Whip              |       |       |       |       |       |    53 ||    53
Throw: Boomerang         |       |       |    80 |    32 |    16 |    39 ||   167
       Javelin           |       |       |       |    56 |   127 |    58 ||   241
Invok: Heroism           |       |       |     2 |    27 |    24 |    25 ||    78
       Finesse           |       |       |       |     1 |     6 |     6 ||    13
  Use: Scroll            |     6 |     2 |     9 |     6 |     6 |     4 ||    33
       Potion            |     1 |       |     3 |     2 |     3 |     2 ||    11
 Stab: Distracted        |       |       |       |       |     1 |       ||     1
Armor: Scale mail        |    68 |    48 |    53 |       |       |       ||   169
       Chain mail        |       |       |    47 |    17 |       |       ||    64
       Plate armour      |       |       |       |   237 |    31 |       ||   268
       Crystal plate arm |       |       |       |       |   445 |   327 ||   772
Dodge: Dodged            |    40 |    42 |   105 |   151 |   206 |   110 ||   654
Block: Buckler           |    21 |    23 |    26 |   105 |   179 |       ||   354
       Tower shield      |       |       |       |       |       |   637 ||   637
       Rpst.: Broad axe  |       |       |       |       |       |    54 ||    54

Table legend:
 A = Non-vault XP
 B = Vault XP
 C = Vault XP percentage of total XP
 D = Non-vault monster count
 E = Vault monster count
 F = Vault count percentage of total count
                 A         B        C        D         E       F
            +---------+---------+-------+---------+---------+-------
      Total |  116380 |   52733 |  31.2 |     601 |     174 |  22.5
            +---------+---------+-------+---------+---------+-------
        D:1 |      46 |       0 |   0.0 |      19 |       0 |   0.0
        D:2 |      99 |       0 |   0.0 |      26 |       0 |   0.0
        D:3 |     151 |       0 |   0.0 |      22 |       0 |   0.0
        D:4 |     299 |     223 |  42.7 |      18 |       1 |   5.3
        D:5 |    1089 |       0 |   0.0 |      19 |       0 |   0.0
        D:6 |     555 |       0 |   0.0 |      18 |       0 |   0.0
        D:7 |    1345 |     554 |  29.2 |      15 |       2 |  11.8
        D:8 |     806 |    1394 |  63.4 |      18 |      11 |  37.9
        D:9 |    1201 |    1092 |  47.6 |      30 |      23 |  43.4
       D:10 |    2805 |       0 |   0.0 |      33 |       0 |   0.0
       D:11 |    6139 |     947 |  13.4 |      24 |       1 |   4.0
       D:12 |    4371 |   14207 |  76.5 |      21 |      29 |  58.0
       D:13 |    2501 |    5223 |  67.6 |       6 |       6 |  50.0
       D:14 |   12915 |    2890 |  18.3 |      32 |       2 |   5.9
       D:15 |    9855 |    2390 |  19.5 |      22 |       3 |  12.0
     Lair:1 |    5396 |       0 |   0.0 |      30 |       0 |   0.0
     Lair:2 |    1260 |    3549 |  73.8 |       4 |       9 |  69.2
     Lair:3 |    9453 |    1329 |  12.3 |      38 |       4 |   9.5
     Lair:4 |   12310 |    2478 |  16.8 |      42 |       4 |   8.7
     Lair:5 |   15746 |   11263 |  41.7 |      56 |      38 |  40.4
   Spider:1 |   10650 |       0 |   0.0 |      28 |       0 |   0.0
   Spider:2 |   13807 |       0 |   0.0 |      41 |       0 |   0.0
      Orc:1 |     303 |       0 |   0.0 |       7 |       0 |   0.0
      Orc:2 |    3278 |    5194 |  61.3 |      32 |      41 |  56.2
            +---------+---------+-------+---------+---------+-------
